 Dungeon Crawl Stone Soup version 0.31.0-12-g77e489cdc1 (webtiles) character file.

Game seed: 7276819218791697085

784 jagang the Slasher (level 7, 0/56 HPs)
             Began as a Human Monk on Mar 5, 2024.
             Slain by a troll (12 damage)
             ... on level 4 of the Dungeon.
             The game lasted 00:08:44 (3574 turns).

jagang the Slasher (Human Monk)                     Turns: 3574, Time: 00:08:45

Health: 0/56       AC: 17    Str: 11    XL:     7   Next: 86%
Magic:  7/7        EV:  3    Int: 11    God:
Gold:   267        SH:  0    Dex: 17    Spells: 6/6 levels left

rFire   . . .        s - +0 great sword
rCold   . . .        (shield currently unavailable)
rNeg    . . .        b - +0 plate armour
rPois   .            t - +0 helmet
rElec   .            y - +0 cloak
rCorr   .            o - +2 pair of gloves
SInv    +            (no boots)
Will    .....        e - amulet of regeneration Stlth
                     A - ring of see invisible
HPRegen 1.09/turn    (no ring)
MPRegen 0.10/turn

%: no passive effects
@: no status effects
A: explore regen
a: no special abilities


You were on level 4 of the Dungeon.
You visited 1 branch of the dungeon, and saw 5 of its levels.

You collected 267 gold pieces.

Inventory:

Hand Weapons
 s - a +0 great sword (weapon)
 z - the +11 spear of Courage {drain, Stlth+}
   (You took it off a hobgoblin on level 4 of the Dungeon)

   Stlth+:    It makes you more stealthy.
Missiles
 g - 2 throwing nets (quivered)
 r - 9 boomerangs
 v - 16 poisoned darts
Armour
 b - a +0 plate armour (worn)
 d - an orb of light
 o - a +2 pair of gloves (worn)
 t - a +0 helmet (worn)
 y - a +0 cloak (worn)
Jewellery
 e - an amulet of regeneration (around neck)
 j - a ring of fire
 A - a ring of see invisible (left hand)
Wands
 x - a wand of mindburst (17)
Scrolls
 a - a scroll of amnesia {unknown}
 f - 3 scrolls of teleportation
 i - a scroll of revelation
 k - a scroll of poison {unknown}
 n - a scroll of enchant armour
 p - a scroll of enchant weapon {unknown}
 q - a scroll of torment
 u - a scroll of fog {unknown}
Potions
 c - a potion of ambrosia
 h - a potion of magic {unknown}
 l - a potion of mutation {unknown}
 m - a potion of lignification {unknown}
 w - 2 potions of curing {unknown}
 B - a potion of attraction {unknown}


   Skills:
 + Level 5.1 Fighting
 * Level 6.7 Long Blades
 + Level 4.0 Armour
 - Level 3.0 Dodging


You had 6 spell levels left.
You didn't know any spells.
Your spell library contained the following spells:

 Spells                   Type           Power      Damage    Failure   Level
 Sting                    Conj/Alch      0%         1d3       100%        1
 Mercury Vapours          Alch/Air       0%         N/A       100%        2
 Brom's Barrelling Bould  Conj/Erth      0%         2d3       100%        4
 Olgreb's Toxic Radiance  Alch           0%         N/A       100%        4
 Fireball                 Conj/Fire      0%         3d3       100%        5
 Iskenderun's Battlesphe  Conj           0%         2d6       100%        5
 Conjure Ball Lightning   Conj/Air       0%         3x3d6     100%        6
 Orb of Destruction       Conj           0%         9d5       100%        7


Dungeon Overview and Level Annotations

Branches:
Dungeon (5/15)
 Temple: D:4-7

Altars:
Makhleb
Qazlal
Sif Muna

Shops:
D:4 [

Annotations:
D:1 2 transporters


Innate Abilities, Weirdness & Mutations

You regain HP and MP as you explore.


Message History

The orc hits you but does no damage. The orc barely misses you.
You barely miss the orc.
The orc is lightly wounded.
The orc hits you but does no damage. x2
You barely miss the orc.
The orc is lightly wounded.
The orc hits you but does no damage.
An orc comes into view. It is wielding a +0 flail.
The orc barely misses you.
The orc shouts!
The orc priest invokes the aid of Beogh against you.
Beogh smites you! The troll bites you but does no damage.
The troll claws you. x2
The orc barely misses you.
You climb upwards.
There is a stone staircase leading down here.
You barely miss the troll. The troll bites you.
The troll claws you but does no damage. The troll barely misses you.
You hit the troll.
The troll is lightly wounded.
The troll bites you!
* * * LOW HITPOINT WARNING * * *
The troll claws you but does no damage. x2
You hit the troll.
The troll is lightly wounded.
The troll barely misses you. The troll claws you but does no damage.
The troll claws you.
* * * LOW HITPOINT WARNING * * *
The troll bites you but does no damage. The troll claws you.
* * * LOW HITPOINT WARNING * * *
The troll claws you but does no damage.
Okay, then.
You hit the troll.
The troll is lightly wounded.
The troll bites you.
* * * LOW HITPOINT WARNING * * *
The troll claws you but does no damage. x2
You slice the troll!!
The troll is heavily wounded.
The troll bites you!
You die...

.##.##†#..##...##.###'######.....
.##.##.#..####.##.##.......#...##
.##.##.#..# #.##.##.........###
.##)#..#..# #..#[##.......###
..#....#..#####.#.##.......#
##########........#.[......# .#
#>## #....#.#..........# ##
#....#†T.##.......#
#...)'.@###.......# #....####
#.......# #....# #.......#
#8...8##....# #.......#
#.....##....# #.......#
_....._#....# #.......#
.....##....# #########
8...8##....# ##8## #....#


You could see a troll.

Vanquished Creatures
  Menkaure (D:4)
  An ice beast (D:5)
  5 hounds
  2 orc priests
  Crazy Yiuf (D:3)
  Ijyb (D:3)
  2 sleepcaps (D:4)
  Terence (D:2)
  2 orc wizards
  Robin (D:2)
  5 adders
  2 ufetubi (D:4)
  2 dart slugs
  4 ribbon worms
  5 orcs
  7 ball pythons
  5 bats
  4 endoplasms
  2 giant cockroaches
  22 goblins
  17 hobgoblins
  4 jackals (D:3)
  10 kobolds
  5 quokkas
  3 frilled lizards
  3 rats
117 creatures vanquished.

Notes
Turn   | Place    | Note
-------+----------+-------------------------------------------
     0 | D:1      | jagang the Human Monk began the quest for the Orb.
     0 | D:1      | Reached XP level 1. HP: 18/18 MP: 1/1
   245 | D:1      | Reached XP level 2. HP: 24/24 MP: 2/2
   459 | D:1      | Reached skill level 1 in Armour
   631 | D:2      | Noticed Terence
   644 | D:2      | Killed Terence
   645 | D:2      | Reached XP level 3. HP: 28/29 MP: 3/3
   745 | D:2      | Reached skill level 4 in Long Blades
   745 | D:2      | Reached XP level 4. HP: 35/35 MP: 4/4
  1197 | D:2      | Found a shimmering blue altar of Sif Muna.
  1424 | D:3      | Noticed Robin
  1454 | D:2      | Killed Robin
  1584 | D:3      | Reached XP level 5. HP: 42/42 MP: 5/5
  2066 | D:3      | Noticed Ijyb
  2081 | D:3      | Killed Ijyb
  2082 | D:3      | Reached skill level 5 in Long Blades
  2082 | D:3      | Reached XP level 6. HP: 33/48 MP: 6/6
  2130 | D:3      | Found a runed translucent door.
  2131 | D:3      | Noticed Crazy Yiuf
  2137 | D:3      | Killed Crazy Yiuf
  2554 | D:4      | Noticed Menkaure
  2558 | D:4      | Killed Menkaure
  2570 | D:4      | Identified the +11 spear of Courage {drain, Stlth+}
  2688 | D:4      | Reached XP level 7. HP: 37/38 MP: 7/7
  2711 | D:4      | Reached skill level 6 in Long Blades
  2777 | D:4      | Found a stormy altar of Qazlal.
  2780 | D:4      | Found a burning altar of Makhleb.
  2880 | D:4      | Found Icref's Armour Boutique.
  3457 | D:5      | Entered Level 5 of the Dungeon
  3534 | D:5      | Reached skill level 5 in Fighting
  3563 | D:5      | Noticed a troll
  3574 | D:4      | Slain by a troll

Illustrated notes

Levels and vault maps discovered:
D:1:      spicycebolla_arrival_transporter_tutorial, layout_basic,
          hangedman_decor_opposing
D:2:      layout_loops_corners, basic_altar, uniq_terence
D:3:      layout_loops_corners, minmay_goblin_kobold_house, uniq_robin,
          uniq_ijyb, uniq_crazy_yiuf_cottage
D:4:      cheibrodos_greedy_goblins, layout_basic,
          nicolae_overflow_hidden_temple, serial_shops, shop, uniq_menkaure
D:5:      layout_basic, amethyst_overflow_temple_binary, st_stairs_8,
          grunt_ministairs_10, minmay_misc_feat_tower, minmay_manual_moon,
          uniq_sigmund

Skill      XL: |  1  2  3  4  5  6  7 |
---------------+----------------------+-----
Armour         | 1 2 3 4 |  4.0
Long Blades    | 4 5 6 |  6.7
Fighting       | 4 5 |  5.1
Dodging        | |  3.0

Action                     |  1- 3 |  4- 6 |  7- 9 || total
---------------------------+-------+-------+-------++-------
  Melee: Falchion          |    70 |    34 |       ||   104
         Great sword       |       |   130 |    96 ||   226
         Spear             |       |     7 |     7 ||    14
    Use: Scroll            |       |     4 |       ||     4
 Armour: Robe              |    12 |       |       ||    12
         Plate armour      |    34 |   279 |   299 ||   612
         Ring mail         |     2 |       |       ||     2
  Dodge: Dodged            |    33 |    30 |    54 ||   117
